 Dungeon Crawl Stone Soup version 0.30-a0-862-g1aabd4f9c5 (webtiles) character file.

Game seed: 16434963657865226283

1 qeuew the Trooper (level 1, -5/18 HPs)
             Began as a Demonspawn Chaos Knight on Mar 9, 2023.
             Was a Plaything of Xom.
             Slain by a gnoll
             ... wielding a +0 whip of holy wrath
              (6 damage)
             ... on level 1 of the Dungeon.
             The game lasted 00:00:15 (62 turns).

qeuew the Trooper (Demonspawn Chaos Knight)           Turns: 62, Time: 00:00:15

Health: -5/18      AC:  5    Str: 12    XL:     1   Next: 16%
Magic:  1/1        EV: 11    Int: 13    God:    Xom [..*...]
Gold:   0          SH:  0    Dex: 12    Spells: 0/0 levels left

rFire   . . .      SeeInvis .    a - +0 mace (chaos)
rCold   . . .      Faith    .    (no shield)
rNeg    . . .      Spirit   .    b - +2 leather armour
rPois   .          Reflect  .    (no helmet)
rElec   .          Rampage  .    (no cloak)
rCorr   .                        (no gloves)
Will    .....                    (no boots)
Stlth   +                        (no amulet)
HPRegen 0.23/turn                (no ring)
MPRegen 0.07/turn                (no ring)

@: no status effects
A: no striking features
a: Renounce Religion


You were on level 1 of the Dungeon.
You worshipped Xom.
You were a toy of Xom.
You visited 1 branch of the dungeon, and saw 1 of its levels.

Inventory:

Hand Weapons
 a - a +0 mace of chaos (weapon)
Armour
 b - a +2 leather armour (worn)
Scrolls
 d - 2 scrolls of identify {unknown}
Miscellaneous
 c - a piece from Xom's chessboard (15/15) (quivered)


   Skills:
 + Level 3.0 Fighting
 * Level 2.7 Maces & Flails
 + Level 1.7 Armour
 + Level 0.9 Dodging
 + Level 0.0 Evocations


You couldn't memorise any spells.
You didn't know any spells.
Your spell library was empty.

Dungeon Overview and Level Annotations

Branches:
Dungeon (1/15)

Altars:


Message History

You hit the gnoll. You freeze the gnoll.
The gnoll is moderately wounded.
The gnoll barely misses you. The gnoll misses you.
You barely miss the gnoll.
The gnoll is moderately wounded.
A quokka comes into view.
The giant cockroach bites you but does no damage.
The gnoll hits you with a +0 whip of holy wrath!
You convulse.
You are too injured to fight recklessly!
You are too injured to fight recklessly!
You are too injured to fight recklessly!
You are too injured to fight recklessly!
You are too injured to fight recklessly!
You are too injured to fight recklessly!
You are too injured to fight recklessly!
You are too injured to fight recklessly!
You are too injured to fight recklessly!
You are too injured to fight recklessly!
You are too injured to fight recklessly!
You are too injured to fight recklessly!
Unknown command.
You hit the gnoll.
The gnoll resists with some effort.
The gnoll is heavily wounded.
The giant cockroach closely misses you. The hobgoblin closely misses you.
The gnoll barely misses you. The giant cockroach closely misses you.
You completely miss the gnoll.
The gnoll is heavily wounded.
The gnoll hits you with a +0 whip of holy wrath.
* * * LOW HITPOINT WARNING * * *
You convulse.
* * * LOW HITPOINT WARNING * * *
The hobgoblin closely misses you.
The giant cockroach completely misses you.
You aren't carrying any potions.
You completely miss the gnoll. You punch the gnoll.
The gnoll is heavily wounded.
The gnoll hits you with a +0 whip of holy wrath.
You die...
Xom howls with laughter!

...# ... #........ #..
#........ #.# .........
#.# #........
###.###........
#....##r?......
###.##.##ggr.....
#...##..#@BK.....
####.#####..####.###
#....# ##......# #.####
...##### ##
###.##.#####..## #..
#...##..(.######## #...
#.###............##..#.
#.##..#......~~~......#
#.#..###...≈~≈≈.~~.....


You could see a gnoll, a quokka, a giant cockroach, a hobgoblin, a kobold and a
rat.

Vanquished Creatures
  A quokka (D:1)
1 creature vanquished.

Notes
Turn   | Place    | Note
-------+----------+-------------------------------------------
     0 | D:1      | qeuew the Demonspawn Chaos Knight began the quest for the
                  | Orb.
     0 | D:1      | Reached XP level 1. HP: 18/18 MP: 1/1
    62 | D:1      | Slain by a gnoll

Illustrated notes

Levels and vault maps discovered:
D:1:      dpeg_arrival_subterranean_lakeside_camping, layout_rooms

Action                     || total
---------------------------++-------
  Melee: Mace              ||     8
         Punch             ||     1
 Armour: Leather armour    ||     2
  Dodge: Dodged            ||    12

Table legend: (Time is in decaauts)
 A = Elapsed time spent in this place.
 B = Non-inter-level travel time spent in this place.
 C = Inter-level travel time spent in this place.
 D = Time resting spent in this place.
 E = Time spent auto-exploring this place.
 F = Levels seen in this place.
 G = Mean time per level.
                   A        B        C        D        E       F      G
               +--------+--------+--------+--------+--------+-----+--------+
         Total |     63 |     63 |      0 |      0 |     48 |   1 |   63.0 |
       Dungeon |     63 |     63 |      0 |      0 |     48 |   1 |   63.0 |
               +--------+--------+--------+--------+--------+-----+--------+

Top non-repeatable levels by time:
     D:1: 63 daAuts
